 Dungeon Crawl Stone Soup version 0.24-a0-512-g2b48af375b (webtiles) character file.

Game seed: 977401401210097664

32596 Ablot the Thaumaturge (level 13, -1/101 HPs)
             Began as a Gnoll Skald on July 20, 2019.
             Was the Champion of Okawaru.
             Slain by an ice devil (6 damage)
             ... on level 4 of the Lair of Beasts.
             The game lasted 01:06:24 (17317 turns).

Ablot the Thaumaturge (Gnoll Skald)                Turns: 17317, Time: 01:06:24

Health: -1/101     AC: 11    Str: 18    XL:     13   Next: 65%
Magic:  19/26      EV: 19    Int: 23    God:    Okawaru [******]
Gold:   1140       SH:  0    Dex: 18    Spells: 0/31 levels left

rFire    + . .     SeeInvis .   e - +4 spear
rCold    + . .     Gourm    .   (no shield)
rNeg     . . .     Faith    .   I - +1 leather armour of the Moon {Int+3 Dex+2}
rPois    .         Spirit   .   s - +2 hat
rElec    .         Reflect  .   K - scarf {rC+ rF+}
rCorr    .         Harm     .   k - +0 pair of gloves
MR       +....                  X - +1 pair of boots
Stlth    ++++......             H - amulet of rage
HPRegen  1.26/turn              N - ring of protection from magic
MPRegen  0.20/turn              U - +5 ring of intelligence

@: regenerating
A: distributed training, fangs 1, strong nose
a: Heroism, Finesse, Renounce Religion, Evoke Berserk Rage


You were on level 4 of the Lair of Beasts.
You worshipped Okawaru.
Okawaru was exalted by your worship.
You were very hungry.

You visited 2 branches of the dungeon, and saw 18 of its levels.
You also visited: Sewer.

You collected 1140 gold pieces.

Inventory:

Hand Weapons
 e - a +4 spear (weapon)
Missiles
 f - 495 arrows
 j - 348 stones
 q - 115 bolts
 u - 52 poisoned darts (quivered)
 A - 73 sling bullets
 C - 5 curare-tipped darts
 Q - 13 silver javelins
Armour
 k - a +0 pair of gloves (worn)
 s - a +2 hat (worn)
 I - the +1 leather armour of the Moon (worn) {Int+3 Dex+2}
   (You found it on level 12 of the Dungeon)

   It affects your intelligence (+3).
   It affects your dexterity (+2).
 K - a scarf of resistance (worn)
 X - a +1 pair of boots (worn)
Magical Staves
 E - an uncursed staff of energy
Jewellery
 h - an uncursed ring of protection from fire
 n - an uncursed ring of flight
 H - an amulet of rage (around neck)
 N - a ring of protection from magic (left hand)
 U - a +5 ring of intelligence (right hand)
Wands
 b - a wand of acid (9)
 F - a wand of iceblast (31)
 L - a wand of polymorph (32)
 M - a wand of digging (4)
 Y - a wand of scattershot (10)
 Z - a wand of disintegration (10)
Scrolls
 c - 8 scrolls of remove curse
 g - 3 scrolls of enchant armour
 i - 13 scrolls of teleportation
 l - 2 scrolls of fog
 p - 5 scrolls of magic mapping
 r - 2 scrolls of fear
 x - a scroll of holy word
 O - a scroll of vulnerability
 P - 2 scrolls of enchant weapon
 S - a scroll of silence
Potions
 a - 5 potions of curing
 m - 5 potions of agility
 o - 2 potions of heal wounds
 t - 2 potions of flight
 v - 2 potions of resistance
 w - 4 potions of brilliance
 z - a potion of berserk rage
 B - 3 potions of might
 G - 3 potions of haste
 R - a potion of mutation
 T - 3 potions of lignification
 W - a potion of ambrosia
Miscellaneous
 J - a box of beasts
Comestibles
 d - 35 rations


   Skills:
 + Level 9.5 Fighting
 + Level 8.3 Short Blades
 + Level 8.3 Long Blades
 + Level 8.3 Axes
 + Level 8.3 Maces & Flails
 + Level 9.5 Polearms
 + Level 8.3 Staves
 + Level 8.3 Slings
 + Level 8.3 Bows
 + Level 8.3 Crossbows
 + Level 8.3 Throwing
 + Level 8.8 Armour
 + Level 9.5 Dodging
 + Level 8.3 Stealth
 + Level 8.3 Shields
 + Level 8.3 Unarmed Combat
 + Level 9.7 Spellcasting
 + Level 6.9 Conjurations
 + Level 6.9 Hexes
 + Level 8.9 Charms
 + Level 6.9 Summonings
 + Level 6.9 Necromancy
 + Level 6.9 Translocations
 + Level 6.9 Transmutations
 + Level 6.9 Fire Magic
 + Level 6.9 Ice Magic
 + Level 6.9 Air Magic
 + Level 6.9 Earth Magic
 + Level 6.9 Poison Magic
 + Level 9.1 Invocations
 + Level 8.3 Evocations


You couldn't memorise any spells.
You knew the following spells:

 Your Spells              Type           Power        Failure   Level  Hunger
a - Infusion              Chrm           ####         1%          1    None
b - Song of Slaying       Chrm           ######..     1%          2    None
c - Shroud of Golubria    Chrm/Tloc      #####.       1%          2    None
d - Regeneration          Chrm/Necr      #####.....   1%          3    None
e - Spectral Weapon       Hex/Chrm       #####...     1%          3    None
f - Mephitic Cloud        Conj/Pois/Air  #####...     1%          3    None
g - Slow                  Hex            #####...     1%          2    None
h - Cause Fear            Hex            #####.....   3%          4    ##.....
i - Olgreb's Toxic Radia  Pois           #####...     3%          4    ##.....
j - Swiftness             Chrm/Air       #####...     1%          2    None
k - Airstrike             Air            #####.....   3%          4    ##.....
l - Animate Skeleton      Necr           N/A          1%          1    None

Your spell library contained the following spells:

 Spells                   Type           Power        Failure   Level  Hunger
 Apportation              Tloc           #####.       1%          1    None
 Confusing Touch          Hex            #####.       1%          1    None
 Corona                   Hex            #####..      1%          1    None
 Shock                    Conj/Air       ####         1%          1    None
 Sting                    Conj/Pois      ####         1%          1    None
 Summon Small Mammal      Summ           ####         1%          1    None
 Blink                    Tloc           N/A          1%          2    None
 Poisonous Vapours        Pois/Air       #####.       1%          2    None
 Gell's Gravitas          Tloc           #####.....   1%          3    None
 Inner Flame              Hex/Fire       #####...     1%          3    None
 Lesser Beckoning         Tloc           #####.....   1%          3    None
 Portal Projectile        Hex/Tloc       #####.       1%          3    None
 Static Discharge         Conj/Air       #####...     1%          3    None
 Teleport Other           Tloc           #####...     1%          3    None
 Leda's Liquefaction      Hex/Erth       #####.....   3%          4    ##.....
 Passage of Golubria      Tloc           N/A          3%          4    ##.....
 Bolt of Magma            Conj/Fire/Erth #####.....   11%         5    ####...
 Lightning Bolt           Conj/Air       #####.....   11%         5    ####...
 Venom Bolt               Conj/Pois      #####.....   11%         5    ####...
 Iron Shot                Conj/Erth      #####.....   50%         6    ######.
 Statue Form              Tmut/Erth      #####....    50%         6    ######.
 Shatter                  Erth           #####.....   100%        9    #######


Dungeon Overview and Level Annotations

Branches:
Dungeon (14/15)            Temple (0/1) D:7            Lair (4/6) D:9
  Swamp (0/4) Lair:2        Snake (0/4) Lair:3          Orc (0/2) D:12
 Vaults: D:13-14

Altars:
Ashenzari
Cheibriados
Dithmenos
Makhleb
Okawaru

Shops:
D:5 (

Portals:
Ice
Cave: Lair:4

Annotations:
D:7 hydra
D:11 exclusions: adder and ugly thing
D:12 exclusion: door
Lair:1 exclusion: hydra
Lair:2 Nergalle


Innate Abilities, Weirdness & Mutations

Your experience applies equally to all skills.
You have very sharp teeth.
Your uncanny sense of smell can sniff out nearby items.


Message History

The ice devil is heavily wounded.
Your spectral weapon hits the ice devil from afar!
You barely miss the ice devil.
The ice devil is severely wounded.
Your spectral weapon hits the ice devil but does no damage.
The ice devil hits you.
* * * LOW HITPOINT WARNING * * *
The ice devil freezes you! You resist.
* * * LOW HITPOINT WARNING * * *
You hit the ice devil.
The ice devil is severely wounded.
Your spectral weapon hits the ice devil but does no damage.
The ice devil hits you!
* * * LOW HITPOINT WARNING * * *
The ice devil freezes you. You resist.
* * * LOW HITPOINT WARNING * * *
Casting: Shroud of Golubria (safe; 1% risk of failure)
Confirm with . or Enter, or press ? or * to list all spells.
Your skin crawls.
The ice devil hits you.
You die...

,,***,,,**P.....*###.#####..#**,,
,,*,,,,,**#.....,#......##..#*,,,
,,,,,,,,,*#...<.##.......#..#***,
,,*,*,,,**#.....P.......#...#***,
,,**,,,,,*........#.....#,..*,**+
,,****,***..###+#+###..#.#,,,,,,,
,,****** **,* #...# *.....),,,,,,
,,**,,,****,* ##(## *......,,,,,,
,,,,,,,,,∆,,***#@#***....S,,,,,,,
,,,,,,,,,,,,*#..4..#*,,...,,>,,,,
,,,,,,,,,,,,*#.....#*,,,,,,,,,,,,
,,,,,*,,*,,,*#.....#*,,,,,,,,,,,,
,,,**,,******#..∩..#*,*,,,,****,,
,,,,,,,**,***#######****,,,*****,
,,,,,,,,,,,+***** **** *,,,**,,,,
,,,,,,,,,,,*,,,,* *,,* *,,,**,,,,
,,,***,**,*,,,,,***,,* *,,,*,,,,,


You could see an ice devil and a friendly spectral +4 spear.

Vanquished Creatures
  2 hydras
  An ogre mage (D:12)
  A centaur warrior (D:12)
  3 two-headed ogres
  The ghost of anet the Slinger, a novice HaWz of Ashenzari (D:7)
  An unseen horror (D:13)
  A cyclops (D:13)
  4 ugly things
  A deep elf mage (D:13)
  3 elephants
  A moth of wrath (D:7)
  A black mamba (Lair:3)
  A spiny frog (Lair:2)
  A centaur skeleton (D:10)
  A komodo dragon (Lair:2)
  A rime drake (Lair:3)
  A yaktaur (D:13)
  An ice devil (Lair:4)
  A troll (D:13)
  A polar bear (Lair:3)
  Grinder (D:6)
  6 blink frogs
  13 slime creatures
  4 hippogriffs
  A bog body (Lair:2)
  A meliai zombie (D:12)
  2 shadows
  A centaur simulacrum (D:13)
  2 wyverns
  A spriggan (D:9)
  34 yaks
  6 basilisks
  2 nagas (Lair:3)
  3 vampire mosquitoes (D:13)
  A hungry ghost (D:11)
  3 acid dragons
  3 swamp worms (Lair:2)
  7 porcupines
  6 water moccasins
  5 orc warriors
  A sky beast (D:11)
  2 phantoms
  A black bear (shapeshifter) (D:12)
  4 ice beasts
  8 wolves
  5 ogres
  14 centaurs
  2 eyes of draining
  3 crocodiles
  2 big kobolds
  9 bullfrogs
  A wyvern skeleton (D:7)
  A scorpion (D:8)
  A water moccasin skeleton (D:10)
  An electric eel (Lair:2)
  4 wights (D:10)
  3 howler monkeys
  6 crimson imps
  2 centaur zombies
  4 hounds
  2 bullfrog zombies
  4 jellies
  2 orc priests (D:11)
  5 bullfrog skeletons
  3 iguanas
  14 orc wizards
  5 hell rats (Lair:3)
  11 worker ants
  A killer bee zombie (D:7)
  2 hound skeletons
  A hound zombie (D:7)
  A howler monkey skeleton (D:4)
  A worker ant zombie (D:10)
  6 adders
  A river rat (Sewer)
  An ooze (D:3)
  An adder skeleton (D:6)
  4 worms
  2 dart slugs
  4 leopard geckos
  49 orcs
  A ball python (D:1)
  12 giant cockroaches
  2 goblins
  6 hobgoblins
  12 jackals
  6 quokkas
  9 bats
  7 frilled lizards
  11 kobolds
  11 rats
401 creatures vanquished.

Vanquished Creatures (others)
  A troll (D:13)
  A fungus (Lair:3)
  9 spectral weapons
11 creatures vanquished.

Grand Total: 412 creatures vanquished

Notes
Turn   | Place    | Note
-------+----------+-------------------------------------------
     0 | D:1      | Ablot the Gnoll Skald began the quest for the Orb.
     0 | D:1      | Reached XP level 1. HP: 20/20 MP: 6/6
   170 | D:1      | Reached XP level 2. HP: 26/26 MP: 7/7
   174 | D:1      | Learned a level 2 spell: Song of Slaying
   177 | D:1      | Learned a level 2 spell: Shroud of Golubria
   957 | D:2      | Reached XP level 3. HP: 29/31 MP: 9/9
   962 | D:2      | Learned a level 3 spell: Regeneration
   966 | D:2      | Learned a level 3 spell: Spectral Weapon
   998 | D:2      | Reached skill level 5 in Spellcasting
  1103 | D:2      | Reached skill level 1 in Invocations
  1275 | D:2      | Reached skill level 1 in Short Blades
  1275 | D:2      | Reached skill level 1 in Long Blades
  1275 | D:2      | Reached skill level 1 in Axes
  1275 | D:2      | Reached skill level 1 in Maces & Flails
  1275 | D:2      | Reached skill level 1 in Staves
  1275 | D:2      | Reached skill level 1 in Slings
  1275 | D:2      | Reached skill level 1 in Bows
  1275 | D:2      | Reached skill level 1 in Crossbows
  1275 | D:2      | Reached skill level 1 in Throwing
  1275 | D:2      | Reached skill level 1 in Stealth
  1275 | D:2      | Reached skill level 1 in Shields
  1275 | D:2      | Reached skill level 1 in Unarmed Combat
  1275 | D:2      | Reached skill level 1 in Evocations
  1297 | D:2      | Reached XP level 4. HP: 30/38 MP: 0/11
  1423 | D:2      | Reached skill level 1 in Conjurations
  1423 | D:2      | Reached skill level 1 in Hexes
  1423 | D:2      | Reached skill level 1 in Summonings
  1423 | D:2      | Reached skill level 1 in Necromancy
  1423 | D:2      | Reached skill level 1 in Translocations
  1423 | D:2      | Reached skill level 1 in Transmutations
  1423 | D:2      | Reached skill level 1 in Fire Magic
  1423 | D:2      | Reached skill level 1 in Ice Magic
  1423 | D:2      | Reached skill level 1 in Air Magic
  1423 | D:2      | Reached skill level 1 in Earth Magic
  1423 | D:2      | Reached skill level 1 in Poison Magic
  1474 | D:2      | Found a burning altar of Makhleb.
  2096 | D:3      | Reached XP level 5. HP: 43/43 MP: 12/12
  2187 | D:3      | Found a snail-covered altar of Cheibriados.
  2533 | D:4      | Found an iron altar of Okawaru.
  2540 | D:4      | Became a worshipper of Warmaster Okawaru
  2657 | D:4      | Found a shadowy altar of Dithmenos.
  2862 | D:4      | Found a glowing drain.
  2871 | Sewer    | Entered a sewer
  2879 | Sewer    | Reached XP level 6. HP: 39/50 MP: 6/13
  3093 | Sewer    | Found a white marble altar of Elyvilon.
  3207 | D:4      | Reached skill level 5 in Fighting
  3207 | D:4      | Reached skill level 5 in Polearms
  3207 | D:4      | Reached skill level 5 in Dodging
  3363 | D:4      | Noticed a phantom
  3374 | D:4      | Killed a phantom
  3374 | D:4      | Reached * piety under Okawaru
  3374 | D:4      | Reached XP level 7. HP: 49/56 MP: 6/15
  3507 | D:5      | Entered Level 5 of the Dungeon
  3519 | D:5      | Found a shadowy altar of Dithmenos.
  3872 | D:5      | You fall into a shaft and drop 1 floor!
  3893 | D:6      | Noticed Grinder
  3896 | D:6      | Reached ** piety under Okawaru
  3902 | D:6      | Paralysed by Grinder for 7 turns
  4030 | D:6      | Killed Grinder
  4030 | D:6      | Reached XP level 8. HP: 41/63 MP: 7/16
  4066 | D:6      | Got a transparent robe
  4081 | D:6      | Identified the cursed +1 robe of the Doge {rF+ rC+ Str-3}
                  | (You found it on level 6 of the Dungeon)
  4167 | D:5      | You fall into a shaft and drop 2 floors!
  4327 | D:5      | Found Geaps's Weapon Emporium.
  4807 | D:6      | Found a shattered altar of Ashenzari.
  5127 | D:7      | Found a staircase to the Ecumenical Temple.
  5216 | D:7      | Noticed a hippogriff
  5217 | D:7      | Noticed a hippogriff
  5222 | D:7      | Found a transporter.
  5226 | D:7      | Noticed anet's ghost (novice HaWz)
  5226 | D:7      | Noticed a moth of wrath
  5238 | D:7      | Found a transporter.
  5260 | D:7      | Noticed a yak
  5280 | D:7      | Reached XP level 9. HP: 58/69 MP: 10/18
  5383 | D:7      | Reached *** piety under Okawaru
  5668 | D:8      | Reached skill level 5 in Armour
  5879 | D:8      | Learned a level 3 spell: Mephitic Cloud
  6046 | D:8      | Received a gift from Okawaru
  6069 | D:8      | Noticed a two-headed ogre
  6076 | D:8      | Killed a two-headed ogre
  6076 | D:8      | Reached **** piety under Okawaru
  6076 | D:8      | Reached skill level 5 in Invocations
  6076 | D:8      | Reached XP level 10. HP: 21/77 MP: 12/20
  6201 | D:8      | Noticed a four-headed hydra
  6832 | D:9      | Found a staircase to the Lair.
  7200 | D:9      | Learned a level 2 spell: Slow
  7311 | D:9      | Noticed a two-headed ogre
  7418 | D:9      | Killed a two-headed ogre
  7418 | D:9      | Reached skill level 5 in Short Blades
  7418 | D:9      | Reached skill level 5 in Long Blades
  7418 | D:9      | Reached skill level 5 in Axes
  7418 | D:9      | Reached skill level 5 in Maces & Flails
  7418 | D:9      | Reached skill level 5 in Staves
  7418 | D:9      | Reached skill level 5 in Slings
  7418 | D:9      | Reached skill level 5 in Bows
  7418 | D:9      | Reached skill level 5 in Crossbows
  7418 | D:9      | Reached skill level 5 in Throwing
  7418 | D:9      | Reached skill level 5 in Stealth
  7418 | D:9      | Reached skill level 5 in Shields
  7418 | D:9      | Reached skill level 5 in Unarmed Combat
  7418 | D:9      | Reached skill level 5 in Evocations
  7444 | D:10     | Entered Level 10 of the Dungeon
  7919 | D:10     | Reached ***** piety under Okawaru
  8191 | D:10     | Reached XP level 11. HP: 68/84 MP: 16/22
  8478 | D:11     | Noticed a brown ugly thing
  8594 | D:11     | Learned a level 4 spell: Cause Fear
  8758 | D:11     | Received a gift from Okawaru
  8764 | D:11     | Reached skill level 5 in Conjurations
  8764 | D:11     | Reached skill level 5 in Hexes
  8764 | D:11     | Reached skill level 5 in Summonings
  8764 | D:11     | Reached skill level 5 in Necromancy
  8764 | D:11     | Reached skill level 5 in Translocations
  8764 | D:11     | Reached skill level 5 in Transmutations
  8764 | D:11     | Reached skill level 5 in Fire Magic
  8764 | D:11     | Reached skill level 5 in Ice Magic
  8764 | D:11     | Reached skill level 5 in Air Magic
  8764 | D:11     | Reached skill level 5 in Earth Magic
  8764 | D:11     | Reached skill level 5 in Poison Magic
  9373 | D:11     | Noticed a two-headed ogre
  9388 | D:11     | Killed a two-headed ogre
  9388 | D:11     | Received a gift from Okawaru
  9760 | D:12     | Found a staircase to the Orcish Mines.
 10141 | D:12     | Noticed an orb spider
 10267 | D:12     | Reached ****** piety under Okawaru
 10420 | D:12     | Got a steaming leather armour
 10431 | D:12     | Identified the +1 leather armour of the Moon {Int+3 Dex+2}
                  | (You found it on level 12 of the Dungeon)
 10725 | D:13     | Noticed a brown ugly thing
 10736 | D:13     | Killed a brown ugly thing
 10859 | D:13     | Noticed a deep elf mage
 10866 | D:13     | Killed a deep elf mage
 10866 | D:13     | Reached XP level 12. HP: 93/93 MP: 17/24
 11094 | D:13     | Noticed a centaur warrior
 11269 | D:12     | Killed a centaur warrior
 11393 | D:13     | Noticed an ogre mage
 11417 | D:12     | Killed an ogre mage
 11417 | D:12     | Received a gift from Okawaru
 12208 | D:13     | Received a gift from Okawaru
 13455 | D:7      | Killed a four-headed hydra
 13630 | D:7      | Learned a level 4 spell: Olgreb's Toxic Radiance
 13707 | D:7      | Killed anet's ghost
 13707 | D:7      | Reached XP level 13. HP: 40/101 MP: 8/26
 13896 | Lair:1   | Entered Level 1 of the Lair of Beasts
 14671 | Lair:2   | Learned a level 2 spell: Swiftness
 14676 | Lair:2   | Learned a level 4 spell: Airstrike
 14764 | Lair:2   | Received a gift from Okawaru
 14810 | Lair:2   | Noticed Nergalle
 15269 | Lair:2   | Identified a scroll of acquirement
 15433 | Lair:2   | Found a staircase to the Swamp.
 15752 | Lair:2   | Learned a level 1 spell: Animate Skeleton
 15938 | Lair:3   | Found a staircase to the Snake Pit.
 16081 | Lair:2   | Received a gift from Okawaru
 16931 | Lair:3   | Received a gift from Okawaru
 17291 | Lair:4   | Found a frozen archway.
 17316 | Lair:4   | HP: 4/101 [ice devil (5)]
 17317 | Lair:4   | Slain by an ice devil

Levels and vault maps discovered:
D:1:      tarquinn_simple_flora_water_a, layout_basic
D:2:      layout_loops_ring, nicolae_overflow_hidden_temple, first_ration,
          makhleb_blood_cavern_becter
D:3:      layout_loops_cross, kennysheep_slug_shrine
D:4:      layout_loops_ring, lemuel_crystal_altar, old_standard_altar,
          portal_sewer_entry_d
D:5:      layout_loops_ring, serial_shops, shop,
          nicolae_dithmenos_through_a_glass_darkly
D:6:      layout_rooms, cheibrodos_ashenzari_chains, uniq_grinder
D:7:      layout_rooms, minmay_temple_entry_wispy,
          gammafunk_ghost_berserking_beasts, minmay_misc_feat_alley
D:8:      layout_loops_ring
D:9:      layout_rooms, lair_entry_dummy, the_bakery, small_statue_intersection
D:10:     layout_irregular_city, kennysheep_generic_room_15
D:11:     minmay_skewed_foursquare, layout_basic
D:12:     layout_roguey, orc_david_3, minmay_joined_circles
D:13:     minmay_cornered_nines, layout_loops_corners, minivault_4
D:14:     layout_rooms, hangedman_vaults_entry_quadrant_bands, serial_glass,
          glass_columns_a, glass_columns_b, glass_columns_b, glass_columns_b,
          basic_altar, drop_trap, kennysheep_opposing_triangles
Lair:1:   layout_regular_city
Lair:2:   layout_chaotic_city, nicolae_swamp_entry_splash_gauntlet,
          chequers_serial_rivers_large_a, uniq_nergalle
Lair:3:   layout_cave_pods, guppyfry_snake_entry_garden, serial_bayou_lagoon_a,
          kennysheep_basilisk_garden
Lair:4:   layout_regular_city, portal_ice_cave_demonic_guard

Skill      XL: |  1  2  3  4  5  6  7  8  9 10 11 12 13 |
---------------+----------------------------------------+-----
Spellcasting   | 5 6 7 8 9 |  9.7
Invocations    | 1 2 3 4 5 6 7 8 9 |  9.1
Short Blades   | 1 2 3 4 5 6 7 8 |  8.3
Long Blades    | 1 2 3 4 5 6 7 8 |  8.3
Axes           | 1 2 3 4 5 6 7 8 |  8.3
Maces & Flails | 1 2 3 4 5 6 7 8 |  8.3
Staves         | 1 2 3 4 5 6 7 8 |  8.3
Slings         | 1 2 3 4 5 6 7 8 |  8.3
Bows           | 1 2 3 4 5 6 7 8 |  8.3
Crossbows      | 1 2 3 4 5 6 7 8 |  8.3
Throwing       | 1 2 3 4 5 6 7 8 |  8.3
Stealth        | 1 2 3 4 5 6 7 8 |  8.3
Shields        | 1 2 3 4 5 6 7 8 |  8.3
Unarmed Combat | 1 2 3 4 5 6 7 8 |  8.3
Evocations     | 1 2 3 4 5 6 7 8 |  8.3
Conjurations   | 1 2 3 4 5 6 |  6.9
Hexes          | 1 2 3 4 5 6 |  6.9
Summonings     | 1 2 3 4 5 6 |  6.9
Necromancy     | 1 2 3 4 5 6 |  6.9
Translocations | 1 2 3 4 5 6 |  6.9
Transmutations | 1 2 3 4 5 6 |  6.9
Fire Magic     | 1 2 3 4 5 6 |  6.9
Ice Magic      | 1 2 3 4 5 6 |  6.9
Air Magic      | 1 2 3 4 5 6 |  6.9
Earth Magic    | 1 2 3 4 5 6 |  6.9
Poison Magic   | 1 2 3 4 5 6 |  6.9
Armour         | 3 4 5 6 7 8 |  8.8
Fighting       | 5 6 7 8 9 |  9.5
Polearms       | 5 6 7 8 9 |  9.5
Dodging        | 5 6 7 8 9 |  9.5
Charms         | 6 7 8 |  8.9

Action                   |  1- 3 |  4- 6 |  7- 9 | 10-12 | 13-15 || total
-------------------------+-------+-------+-------+-------+-------++-------
Melee: Spear             |   141 |   145 |       |    99 |   419 ||   804
       Bite              |    12 |    18 |    35 |   107 |    71 ||   243
       Punch             |     1 |     3 |     6 |    34 |    32 ||    76
       Trident           |       |   131 |   257 |   623 |       ||  1011
Throw: Stone             |     3 |       |       |       |       ||     3
       Dart              |       |       |     4 |    50 |    21 ||    75
       Javelin           |       |       |       |     4 |       ||     4
 Cast: Shroud of Golubri |     4 |    11 |    18 |    61 |    29 ||   123
       Song of Slaying   |     2 |     3 |     5 |    10 |     6 ||    26
       Infusion          |     3 |     3 |     2 |    10 |     3 ||    21
       Regeneration      |     1 |     4 |    14 |    38 |    17 ||    74
       Spectral Weapon   |       |     4 |    21 |    54 |    27 ||   106
       Mephitic Cloud    |       |       |     1 |     8 |     1 ||    10
       Slow              |       |       |       |     3 |       ||     3
  Use: Scroll            |       |     2 |     2 |    16 |    14 ||    34
       Potion            |       |     1 |     2 |     4 |       ||     7
 Stab: Sleeping          |     2 |     6 |     8 |    14 |     7 ||    37
       Distracted        |     1 |       |     3 |     4 |     3 ||    11
       Confused          |       |       |     2 |    13 |     4 ||    19
  Eat: Chunk             |     2 |     8 |    12 |    18 |    12 ||    52
       Ration            |       |       |       |     3 |       ||     3
Armor: Leather armour    |    37 |    49 |     6 |    57 |    57 ||   206
       Robe              |       |       |    34 |    45 |       ||    79
       Acid dragon scale |       |       |       |    22 |       ||    22
Dodge: Dodged            |    96 |   149 |   151 |   461 |   269 ||  1126

Table legend:
 A = Non-vault XP
 B = Vault XP
 C = Vault XP percentage of total XP
 D = Non-vault monster count
 E = Vault monster count
 F = Vault count percentage of total count
                 A         B        C        D         E       F
            +---------+---------+-------+---------+---------+-------
      Total |   39575 |    6991 |  15.0 |     352 |      50 |  12.4
            +---------+---------+-------+---------+---------+-------
        D:1 |      27 |       0 |   0.0 |      15 |       0 |   0.0
        D:2 |      69 |      46 |  40.0 |      30 |       1 |   3.2
        D:3 |      68 |       4 |   5.6 |      25 |       1 |   3.8
        D:4 |     299 |      13 |   4.2 |      18 |       1 |   5.3
        D:5 |     476 |       0 |   0.0 |      10 |       0 |   0.0
        D:6 |     479 |     277 |  36.6 |      11 |       1 |   8.3
        D:7 |    1706 |    1884 |  52.5 |      22 |       5 |  18.5
        D:8 |    2461 |       0 |   0.0 |      17 |       0 |   0.0
        D:9 |    1060 |     205 |  16.2 |       4 |       1 |  20.0
       D:10 |    2932 |       0 |   0.0 |      36 |       0 |   0.0
       D:11 |    4036 |     223 |   5.2 |      33 |       4 |  10.8
       D:12 |    4441 |    1380 |  23.7 |      26 |      12 |  31.6
       D:13 |    8646 |     583 |   6.3 |      45 |       2 |   4.3
       D:14 |     543 |       0 |   0.0 |       1 |       0 |   0.0
     Lair:1 |     580 |       0 |   0.0 |       4 |       0 |   0.0
     Lair:2 |    6096 |     786 |  11.4 |      25 |       5 |  16.7
     Lair:3 |    5372 |    1131 |  17.4 |      28 |       6 |  17.6
     Lair:4 |     284 |     335 |  54.1 |       2 |       1 |  33.3
      Sewer |       0 |     124 | 100.0 |       0 |      10 | 100.0
            +---------+---------+-------+---------+---------+-------
